 Dungeon Crawl Stone Soup version 0.31.0-11-ge490571c62 (webtiles) character file.

Game seed: 3978769220697894618

1167 mandarbmax the Toxicologist (level 8, -4/62 HPs)
             Began as a Naga Alchemist on Feb 3, 2024.
             Was a Believer of Vehumet.
             Slain by a wraith (7 damage)
             ... on level 5 of the Dungeon.
             The game lasted 00:15:03 (5105 turns).

mandarbmax the Toxicologist (Naga Alchemist)        Turns: 5105, Time: 00:15:03

Health: -4/62      AC:  6    Str: 13    XL:     8   Next: 40%
Magic:  13/15      EV:  9    Int: 17    God:    Vehumet [**....]
Gold:   64         SH:  5    Dex: 13    Spells: 8/17 levels left

rFire   . . .        p - +1 long sword (freeze)
rCold   . . .        s - +0 buckler
rNeg    + . .        a - +0 robe
rPois   +            q - +1 helmet
rElec   .            j - -1 cloak of Hosib {Str+3}
rCorr   .            e - +0 pair of gloves
SInv    +            (no barding)
Will    +....        (no amulet)
Stlth   ++           o - ring of positive energy
HPRegen 0.30/turn    (no ring)
MPRegen 0.14/turn

%: no passive effects
@: mighty, hasted and slowed, very slow
A: AC +2, large, see invisible, deformed body, poison resistance, slowness 2,
spit poison 1, naga tail 1
a: Spit Poison, Renounce Religion


You were on level 5 of the Dungeon.
You worshipped Vehumet.
Vehumet was pleased with you.
You visited 1 branch of the dungeon, and saw 5 of its levels.

You collected 160 gold pieces.
You spent 96 gold pieces at shops.

Inventory:

Hand Weapons
 m - a +0 quarterstaff
 p - a +1 long sword of freezing (weapon)
Armour
 a - a +0 robe (worn)
 e - a +0 pair of gloves (worn)
 j - the -1 cloak of Hosib (worn) {Str+3}
   (You found it on level 2 of the Dungeon)

   Str+3:     It affects your strength (+3).
 q - a +1 helmet (worn)
 s - a +0 buckler (worn)
Jewellery
 o - a ring of positive energy (left hand)
Scrolls
 c - a scroll of identify
 d - 2 scrolls of fear
 g - 2 scrolls of enchant weapon
 h - a scroll of poison
 i - a scroll of amnesia
 k - a scroll of silence
 l - 4 scrolls of revelation
 v - 2 scrolls of noise
Potions
 b - 3 potions of magic
 f - a potion of brilliance
 r - a potion of attraction
 u - a potion of invisibility


   Skills:
 - Level 2.0 Dodging
 - Level 3.0 Stealth
 + Level 3.4 Shields
 - Level 5.0 Spellcasting
 - Level 1.0 Conjurations
 + Level 3.6 Fire Magic
 - Level 8.0 Alchemy


You had 8 spell levels left.
You knew the following spells:

 Your Spells              Type           Power      Damage    Failure   Level
a - Sting                 Conj/Alch      76%        1d7       3%          1
c - Olgreb's Toxic Radia  Alch           31%        N/A       7%          4
d - Sticky Flame          Fire/Alch      24%        2d6       17%         4

Your spell library contained the following spells:

 Spells                   Type           Power      Damage    Failure   Level
 Sandblast                Erth           8%         2d5       19%         1
 Mercury Vapours          Alch/Air       34%        N/A       5%          2
 Mephitic Cloud           Conj/Alch/Air  14%        N/A       17%         3
 Freeze                   Ice            16%        1d4       19%         1
 Necrotise                Necr           16%        1d4       19%         1
 Volatile Blastmotes      Fire/Tloc      20%        2d11      28%         3
 Dazzling Flash           Conj/Hex       10%        N/A       43%         3
 Hailstorm                Conj/Ice       5%         3d5       43%         3
 Frozen Ramparts          Ice            8%         1d2       50%         3
 Vampiric Draining        Necr           4%         2d6       50%         3
 Martyr's Knell           Necr/Summ      4%         N/A       88%         4
 Curse of Agony           Necr           4%         N/A       99%         5
 Starburst                Conj/Fire      6%         6d4       100%        6
 Maxwell's Capacitive Co  Air            2%         ∞         100%        8


Dungeon Overview and Level Annotations

Branches:
Dungeon (5/15)
 Temple: D:4-7

Altars:
Elyvilon
Ru
Vehumet

Shops:
D:5 *


Innate Abilities, Weirdness & Mutations

Your serpentine skin is tough. (AC +2)
You have supernaturally acute eyesight. (SInv)
Armour fits poorly on your strangely shaped body.
Your system is resistant to poisons. (rPois)
You cover ground very slowly.
You can spit poison.
You have a snake-like lower body.


Message History

Unknown command.
The wraith hits you. The wraith drains your vigour!
You feel yourself slow down. The wraith hits you!
Casting: Olgreb's Toxic Radiance (dangerous; 7% risk of failure)
Confirm with . or Enter, or press ? or * to list all spells.
Aiming: Sticky Flame (dangerous; 17% risk of failure)
Press: ? - help, Shift-Dir - straight line, f - wraith
Aim: a wraith (unstickable)
The sticky flame hits the wraith but does no damage.
The wraith hits you!
Unknown command.
Unknown command.
Unknown command.
You closely miss the wraith. The wraith hits you.
The wraith hits you but does no damage.
You hit the wraith but do no damage. The wraith hits you.
The wraith drains your vigour!
You feel as though you will be slow longer.
You block the wraith's attack. The wraith closely misses you.
You barely miss the wraith. The wraith hits you but does no damage.
The wraith hits you! The wraith drains your vigour!
You feel as though you will be slow longer.
You closely miss the wraith. The wraith hits you.
* * * LOW HITPOINT WARNING * * *
The wraith drains your vigour!
You feel as though you will be slow longer.
The wraith hits you!
* * * LOW HITPOINT WARNING * * *
The wraith drains your vigour!
You feel as though you will be slow longer.
You feel yourself speed up. The wraith closely misses you.
You hit the wraith but do no damage. The wraith misses you.
The wraith hits you.
* * * LOW HITPOINT WARNING * * *
Unknown command.
You hit the wraith.
The wraith is lightly damaged.
You block the wraith's attack. The wraith attacks as it pursues you!
The wraith hits you!
You die...

#####...........## ##..>##.
................# ##...##..
.......#####....# ######....#...
.####### ##...####.........'..♣
## ##........[......#... #
##............<.##..
#................##.
##...W.............##
#...@...............# ###
##.................... ..#####
##.....................
......#####....................#.
##...............................
####......[.....................
####.......#.................
#......#####..............
#.....## ####...........


You could see a wraith.

Vanquished Creatures
  Sigmund (D:2)
  A wyvern (D:5)
  Duvessa (D:5)
  2 scorpions (D:5)
  Dowan (D:5)
  A howler monkey (D:4)
  2 hounds (D:4)
  2 jellies (D:5)
  2 orc priests (D:5)
  2 iguanas
  2 sleepcaps
  3 orc wizards
  Robin (D:4)
  6 adders
  3 gnolls (D:2)
  A shadow imp (D:5)
  3 ribbon worms
  A dart slug (D:1)
  10 orcs
  6 ball pythons
  5 bats
  2 endoplasms
  2 giant cockroaches
  16 goblins
  11 hobgoblins
  4 jackals (D:3)
  3 quokkas
  5 frilled lizards
  8 kobolds
  2 rats
109 creatures vanquished.

Notes
Turn   | Place    | Note
-------+----------+-------------------------------------------
     0 | D:1      | mandarbmax the Naga Alchemist began the quest for the Orb.
     0 | D:1      | Reached XP level 1. HP: 15/15 MP: 3/3
   167 | D:1      | Reached skill level 4 in Alchemy
   266 | D:1      | Reached XP level 2. HP: 22/22 MP: 1/5
   269 | D:1      | Learned a level 2 spell: Mercury Vapours
   756 | D:1      | Found a faded altar of an unknown god.
  1058 | D:2      | Identified the -1 cloak of Hosib {Str+3}
  1067 | D:2      | Noticed Sigmund
  1089 | D:2      | Reached XP level 3. HP: 26/28 MP: 6/6
  1106 | D:2      | Killed Sigmund
  1107 | D:2      | Reached skill level 5 in Alchemy
  1107 | D:2      | Reached XP level 4. HP: 36/36 MP: 0/9
  1107 | D:2      | Reached XP level 5. HP: 42/42 MP: 0/10
  1341 | D:2      | Reached skill level 6 in Alchemy
  1595 | D:2      | Learned a level 4 spell: Olgreb's Toxic Radiance
  1667 | D:2      | Reached XP level 6. HP: 48/49 MP: 8/11
  2081 | D:3      | Found a radiant altar of Vehumet.
  2093 | D:3      | Became a worshipper of Vehumet
  2618 | D:3      | Reached skill level 7 in Alchemy
  2880 | D:4      | Found a white marble altar of Elyvilon.
  2918 | D:4      | Noticed Robin
  2922 | D:4      | Killed Robin
  2922 | D:4      | Reached * piety under Vehumet
  2922 | D:4      | Offered knowledge of Kiss of Death by Vehumet.
  3167 | D:4      | Reached XP level 7. HP: 51/55 MP: 7/13
  3333 | D:4      | Reached skill level 8 in Alchemy
  3622 | D:4      | Found a sacrificial altar of Ru.
  3905 | D:5      | Entered Level 5 of the Dungeon
  3905 | D:5      | Noticed a wraith
  3913 | D:4      | Learned a level 4 spell: Sticky Flame
  3975 | D:5      | Reached skill level 1 in Shields
  4107 | D:5      | Reached skill level 1 in Fire Magic
  4192 | D:5      | Found Xohyipt's Assorted Antiques.
  4199 | D:5      | Bought 2 bubbling yellow potions for 36 gold pieces
  4199 | D:5      | Bought 3 scrolls labelled YMAPLO PEOWNYM for 60 gold pieces
  4489 | D:5      | Noticed Duvessa
  4501 | D:5      | Killed Duvessa
  4503 | D:5      | Noticed Dowan
  4514 | D:5      | Killed Dowan
  4515 | D:5      | Reached XP level 8. HP: 11/62 MP: 0/14
  4830 | D:5      | Reached ** piety under Vehumet
  4830 | D:5      | Offered knowledge of Sandblast by Vehumet.
  4888 | D:5      | Noticed a wyvern
  4893 | D:5      | Killed a wyvern
  4894 | D:5      | Reached skill level 5 in Spellcasting
  5103 | D:5      | HP: 2/62 [wraith (4)]
  5105 | D:5      | Slain by a wraith

Illustrated notes

Levels and vault maps discovered:
D:1:      lightli_arrival_chessboard, layout_loops_cross,
          dreamdust_ecumenical_altar_angels_and_demons, grunt_decor_cap
D:2:      layout_basic, kennysheep_boxes, uniq_sigmund
D:3:      layout_basic, nicolae_vehumet_altar_sigil
D:4:      layout_rooms, elyvilon_altar_5, mainiacjoe_overflow_24_doors,
          nrook_mini_vaults, uniq_robin
D:5:      layout_layer_cave, kennysheep_diamond, uniq_duvessa, uniq_eustachio

Skill      XL: |  1  2  3  4  5  6  7  8 |
---------------+-------------------------+-----
Alchemy        | 4 5 6 7 8 |  8.0
Spellcasting   | 3 4 5 |  5.0
Dodging        | 2 |  2.0
Shields        | 2 3 |  3.4
Fire Magic     | 2 3 |  3.6
Stealth        | |  3.0
Conjurations   | |  1.0

Action                     |  1- 3 |  4- 6 |  7- 9 || total
---------------------------+-------+-------+-------++-------
  Melee: Quarterstaff      |       |     7 |       ||     7
         Long sword        |       |       |    29 ||    29
   Cast: Sting             |    25 |    69 |    52 ||   146
         Mercury Vapours   |     3 |     4 |       ||     7
         Olgreb's Toxic Ra |       |     8 |    13 ||    21
         Sticky Flame      |       |       |     2 ||     2
Ability: Spit Poison       |    11 |    16 |    14 ||    41
    Use: Scroll            |       |       |    11 ||    11
         Potion            |       |       |     4 ||     4
 Armour: Robe              |     7 |    19 |    46 ||    72
  Dodge: Dodged            |    11 |    23 |    25 ||    59
  Block: Buckler           |       |       |     5 ||     5
